Map: New Repugnancy LE

Players

Willy

  • Race: Zerg Zerg
  • League: Master
  • Spawn Location: 1:00

Mez - Winner!

  • Race: Terran Terran
  • League: Master
  • Spawn Location: 7:00

VOD

Have the link to the VOD?

Description

Time

  • Played on: Aug. 12, 2019, 7:28 a.m.
  • Length: 10:45
Show
View Real Time Build Order
Export as new Build Order

Willy Zerg 

Build Orders: Pool First, Ravager All-In 

Get SALT Encoding   

  12  0:01  Drone  
  13  0:10  Drone  
  14  0:26  Spawning Pool  
  13  0:29  Extractor  
  13  0:31  Drone  
  13  0:36  Drone  
  14  0:44  Overlord  
  14  0:55  Extractor  
  14  0:56  Drone  
  15  1:13  Zergling x2  
  16  1:18  Roach Warren  
  16  1:19  Drone  
  16  1:20  Drone, Extractor  
  16  1:25  Drone  
  17  1:37  Drone  
  18  1:42  Queen  
  20  1:54  Overlord  
  20  2:10  Roach  
  20  2:12  Roach  
  24  2:19  Roach  
  26  2:31  Ravager  
  26  2:32  Overlord  
  27  2:38  Ravager  
  27  2:40  Ravager  
  29  2:55  Roach x4  
  37  3:07  Overlord  
  37  3:16  Ravager  
  39  3:27  Ravager  
  39  3:31  Drone x3  
  39  3:32  Overlord  
  42  3:45  Roach  
  44  3:59  Ravager x2  
  46  4:06  Roach  
  46  4:07  Zergling x2  
  46  4:08  Zergling x4  
  47  4:26  Roach x2  
  51  4:39  Zergling x4  
  51  4:40  Zergling x2  
  54  4:51  Hatchery  
  50  4:55  Zergling x2  
  50  4:57  Ravager  
  52  5:02  Zergling x4  
  52  5:04  Overlord  
  45  5:29  Ravager  
  31  5:55  Queen  
  26  6:10  Drone x7  
  30  6:13  Queen  
  30  6:16  Spore Crawler  
  31  6:31  Queen  
  33  6:35  Spore Crawler  
  27  7:14  Overlord  
  27  7:17  Drone x9  
  36  7:28  Zergling x12  
  42  7:36  Drone x2  
  44  8:00  Hatchery  
  44  8:04  Metabolic Boost  
  43  8:18  Drone x4  
  43  8:19  Drone x2  
  49  8:21  Drone x2  
  49  8:26  Evolution Chamber  
  50  8:27  Evolution Chamber  
  49  8:34  Lair  
  49  8:35  Drone x4  
  49  8:38  Hatchery  
  49  8:39  Extractor x2  
  50  8:46  Queen  
  50  8:59  Drone x2  
  50  9:00  Drone  
  53  9:16  Drone x2  
  54  9:17  Drone  
  54  9:18  Baneling Nest  
  54  9:21  Queen  
  56  9:29  Overlord x3  
  56  9:33  Overseer  
  56  10:19  Hatchery  
  55  10:23  Drone x6  
  55  10:24  Drone x7  
  55  10:27  Overlord x2  
  68  10:35  Hatchery  
Show
View Real Time Build Order
Export as new Build Order

Mez Terran - Winner!

Build Orders: Reaper Expand 

Get SALT Encoding   

  12  0:00  SCV  
  13  0:13  SCV  
  14  0:18  Supply Depot  
  14  0:25  SCV  
  15  0:39  SCV  
  15  0:40  Barracks  
  16  0:44  Refinery  
  16  0:51  SCV  
  17  1:03  SCV  
  18  1:15  SCV  
  19  1:28  Reaper, Orbital Command  
  20  1:41  Command Center  
  20  1:52  Supply Depot  
  20  1:55  SCV  
  21  2:02  Marine  
  22  2:11  Bunker  
  22  2:16  SCV  
  22  2:17  Factory  
  22  2:20  Marine  
  24  2:29  SCV  
  25  2:39  Marine  
  25  2:46  SCV  
  25  2:48  Refinery  
  26  2:55  Orbital Command  
  26  3:01  Factory Tech Lab  
  26  3:02  Marine  
  26  3:03  SCV  
  28  3:15  SCV  
  29  3:21  SCV  
  29  3:22  Cyclone  
  29  3:24  Marine, Starport  
  34  3:27  SCV  
  34  3:33  SCV  
  36  3:34  Bunker  
  36  3:39  SCV  
  35  3:45  Barracks Reactor  
  35  3:49  SCV  
  35  3:52  SCV  
  37  4:08  Siege Tank  
  41  4:10  SCV  
  41  4:25  Marine x2  
  41  4:27  Starport Tech Lab  
  41  4:29  SCV x2  
  44  4:45  SCV x2  
  46  4:59  Barracks x2  
  46  5:01  Supply Depot  
  46  5:03  Siege Tank, SCV x2, Banshee  
  46  5:05  Cloaking Field  
  54  5:09  Refinery  
  54  5:21  Marine x2  
  49  5:39  Marine x2  
  38  5:53  Banshee  
  38  5:55  Barracks Reactor, Barracks Tech Lab  
  37  6:02  SCV  
  37  6:03  SCV  
  35  6:08  Marine x2  
  36  6:14  SCV  
  36  6:15  SCV  
  36  6:17  Marine  
  39  6:27  SCV x2  
  39  6:30  Stimpack, Marine x3  
  44  6:35  Marine  
  44  6:39  SCV x2  
  47  6:41  Supply Depot  
  47  6:51  SCV x2  
  49  6:56  Marine x2  
  49  6:57  Marine x3  
  54  7:03  SCV x2  
  56  7:12  Supply Depot  
  56  7:15  SCV x2  
  58  7:16  Command Center  
  58  7:19  Marine x4  
  58  7:20  Marine  
  64  7:30  Viking  
  63  7:34  Siege Tank  
  63  7:36  SCV, Marine  
  63  7:37  Marine x2  
  69  7:43  Supply Depot  
  72  7:44  Marine x2  
  72  7:51  SCV  
  75  7:53  SCV  
  75  7:54  Marine x2  
  78  8:05  SCV x2  
  79  8:07  Supply Depot  
  79  8:12  Supply Depot  
  80  8:17  SCV  
  80  8:18  SCV  
  82  8:21  Engineering Bay  
  82  8:23  Engineering Bay  
  82  8:29  Starport Reactor, SCV  
  82  8:30  Orbital Command  
  82  8:32  SCV  
  84  8:48  SCV  
  84  8:49  SCV  
  84  8:52  Refinery  
  86  8:56  Combat Shield, Barracks  
  86  8:57  Barracks  
  86  9:00  SCV  
  87  9:08  Orbital Command  
  87  9:12  SCV  
  87  9:14  Medivac x2  
  87  9:15  Marine  
  93  9:17  Supply Depot  
  93  9:19  Supply Depot  
  93  9:20  SCV  
  93  9:21  Marine x2  
  93  9:22  Marine  
  97  9:24  SCV  
  98  9:39  Marine x2  
  98  9:42  SCV x3  
  104  9:46  Supply Depot  
  104  9:48  Supply Depot  
  104  9:51  Medivac x2  
  104  9:52  Marine x2  
  109  9:54  Barracks Reactor  
  109  9:55  Barracks Reactor  
  109  9:59  SCV x3  
  112  10:11  SCV x2  
  112  10:12  Marine, Supply Depot x2  
  112  10:13  Marine x4  
  119  10:14  Armory  
  119  10:28  SCV x2  
  119  10:33  Refinery, SCV  
  125  10:37  Supply Depot  
  125  10:39  Command Center  
Tags
 
Add a new tag
Caveats
  • Supply blocks, unpowered buildings, or Contaminate may cause inaccurate times.
  • Supply counts are checked every 10 seconds.